[gd_scene load_steps=19 format=2]

[ext_resource path="res://cad_tif_v1.tscn" type="PackedScene" id=1]
[ext_resource path="res://cad_tif_v1.gd" type="Script" id=2]
[ext_resource path="res://white_panel.tres" type="Material" id=3]
[ext_resource path="res://new_spatialmaterial.tres" type="Material" id=4]
[ext_resource path="res://udp.gd" type="Script" id=5]
[ext_resource path="res://HDRI-II.hdr" type="Texture" id=6]
[ext_resource path="res://Commissioner-VariableFont_wght.ttf" type="DynamicFontData" id=7]
[ext_resource path="res://SpaceMono-Regular.ttf" type="DynamicFontData" id=8]
[ext_resource path="res://angle_current.gd" type="Script" id=9]
[ext_resource path="res://ProgressBar.gd" type="Script" id=10]
[ext_resource path="res://motor_power.gd" type="Script" id=11]
[ext_resource path="res://angle_desired.gd" type="Script" id=12]

[sub_resource type="PanoramaSky" id=1]
radiance_size = 4
panorama = ExtResource( 6 )

[sub_resource type="Environment" id=2]
background_mode = 2
background_sky = SubResource( 1 )
background_sky_custom_fov = 122.7
ambient_light_color = Color( 0.0313726, 0.0627451, 0.196078, 1 )
ambient_light_energy = 1.14

[sub_resource type="DynamicFont" id=3]
size = 40
font_data = ExtResource( 7 )

[sub_resource type="DynamicFont" id=4]
size = 38
font_data = ExtResource( 8 )

[sub_resource type="StyleBoxFlat" id=5]
bg_color = Color( 0.254902, 0.572549, 0.0509804, 1 )

[sub_resource type="StyleBoxFlat" id=6]
bg_color = Color( 0.231373, 0.231373, 0.231373, 1 )

[node name="Spatial" type="Spatial"]

[node name="cad_tif_v1" parent="." instance=ExtResource( 1 )]
script = ExtResource( 2 )

[node name="PatchWithConnectorstp_2_" parent="cad_tif_v1/AcubeSATv3STEP/solarpanel_with_patch/PatchWithConnectorstp/Patchstp" index="1"]
material_override = ExtResource( 4 )

[node name="NONE_154_" parent="cad_tif_v1/AcubeSATv3STEP/SolarPanel_3Ustep" index="56"]
material_override = ExtResource( 3 )

[node name="Camera" type="Camera" parent="."]
transform = Transform( 0.952348, -0.141349, 0.270285, 0, 0.886139, 0.46342, -0.305014, -0.441337, 0.843912, 1.35341, 4.54834, 4.89677 )
environment = SubResource( 2 )
fov = 72.6

[node name="OmniLight" type="OmniLight" parent="."]
transform = Transform( 1, 0, 0, 0, 1, 0, 0, 0, 1, 0.698785, 2.1473, 3.35515 )
omni_range = 8.2

[node name="UDP" type="Node" parent="."]
script = ExtResource( 5 )

[node name="Interface" type="Node" parent="."]

[node name="VBoxContainer" type="VBoxContainer" parent="Interface"]
margin_left = 40.0
margin_top = 40.0
margin_right = 40.0
margin_bottom = 40.0
rect_scale = Vector2( 0.760849, 0.768584 )
__meta__ = {
"_edit_use_anchors_": false
}

[node name="HBoxContainer" type="HBoxContainer" parent="Interface/VBoxContainer"]
margin_right = 435.0
margin_bottom = 57.0
custom_constants/separation = 20

[node name="Label" type="Label" parent="Interface/VBoxContainer/HBoxContainer"]
margin_top = 3.0
margin_right = 254.0
margin_bottom = 53.0
size_flags_horizontal = 3
custom_fonts/font = SubResource( 3 )
text = "Current angle:"
__meta__ = {
"_edit_use_anchors_": false
}

[node name="angle_current" type="Label" parent="Interface/VBoxContainer/HBoxContainer"]
margin_left = 274.0
margin_right = 435.0
margin_bottom = 57.0
custom_fonts/font = SubResource( 4 )
text = "unknown"
script = ExtResource( 9 )
__meta__ = {
"_edit_use_anchors_": false
}

[node name="HBoxContainer4" type="HBoxContainer" parent="Interface/VBoxContainer"]
visible = false
margin_top = 61.0
margin_right = 435.0
margin_bottom = 118.0
custom_constants/separation = 20

[node name="Label" type="Label" parent="Interface/VBoxContainer/HBoxContainer4"]
margin_top = 3.0
margin_right = 254.0
margin_bottom = 53.0
size_flags_horizontal = 3
custom_fonts/font = SubResource( 3 )
text = "Motor power:"
__meta__ = {
"_edit_use_anchors_": false
}

[node name="motor_power" type="Label" parent="Interface/VBoxContainer/HBoxContainer4"]
margin_left = 274.0
margin_right = 435.0
margin_bottom = 57.0
custom_fonts/font = SubResource( 4 )
text = "unknown"
script = ExtResource( 11 )
__meta__ = {
"_edit_use_anchors_": false
}

[node name="HBoxContainer2" type="HBoxContainer" parent="Interface/VBoxContainer"]
margin_top = 61.0
margin_right = 435.0
margin_bottom = 111.0
custom_constants/separation = 20

[node name="Label" type="Label" parent="Interface/VBoxContainer/HBoxContainer2"]
margin_right = 207.0
margin_bottom = 50.0
size_flags_horizontal = 3
custom_fonts/font = SubResource( 3 )
text = "Velocity:"
__meta__ = {
"_edit_use_anchors_": false
}

[node name="ProgressBar" type="ProgressBar" parent="Interface/VBoxContainer/HBoxContainer2"]
margin_left = 227.0
margin_right = 435.0
margin_bottom = 50.0
size_flags_horizontal = 3
size_flags_vertical = 3
custom_styles/fg = SubResource( 5 )
custom_styles/bg = SubResource( 6 )
value = 50.0
rounded = true
allow_greater = true
percent_visible = false
script = ExtResource( 10 )

[node name="HBoxContainer3" type="HBoxContainer" parent="Interface/VBoxContainer"]
margin_top = 115.0
margin_right = 435.0
margin_bottom = 172.0
custom_constants/separation = 20
__meta__ = {
"_edit_use_anchors_": false
}

[node name="Label" type="Label" parent="Interface/VBoxContainer/HBoxContainer3"]
margin_top = 3.0
margin_right = 254.0
margin_bottom = 53.0
size_flags_horizontal = 3
custom_fonts/font = SubResource( 3 )
text = "Desired angle:"
__meta__ = {
"_edit_use_anchors_": false
}

[node name="angle_desired" type="Label" parent="Interface/VBoxContainer/HBoxContainer3"]
margin_left = 274.0
margin_right = 435.0
margin_bottom = 57.0
custom_fonts/font = SubResource( 4 )
text = "unknown"
script = ExtResource( 12 )
__meta__ = {
"_edit_use_anchors_": false
}

[connection signal="value_received" from="UDP" to="Interface/VBoxContainer/HBoxContainer2/ProgressBar" method="_on_UDP_value_received"]

[editable path="cad_tif_v1"]
